 Dungeon Crawl Stone Soup version 0.27.0-1-g7a089689b8 (webtiles) character file.

Game seed: 11017896949859297346

6 Spectrina the Ducker (level 1, 0/13 HPs)
             Began as a Deep Elf Monk on Aug 7, 2021.
             Slain by a jackal (3 damage)
             ... on level 2 of the Dungeon.
             The game lasted 00:02:17 (219 turns).

Spectrina the Ducker (Deep Elf Monk)                 Turns: 219, Time: 00:02:18

Health: 0/13       AC:  2    Str:  6 (8)  XL:     1   Next: 75%
Magic:  5/5        EV: 13    Int: 11 (14) God:
Gold:   35         SH:  0    Dex: 16 (17) Spells: 4/4 levels left

rFire    . . .     SeeInvis .   a - +0 short sword
rCold    . . .     Faith    .   (no shield)
rNeg     . . .     Spirit   .   b - +0 robe
rPois    .         Reflect  .   (no helmet)
rElec    .         Harm     .   (no cloak)
rCorr    .         Rampage  .   (no gloves)
Will     .....                  (no boots)
Stlth    ++........             (no amulet)
HPRegen  0.04/turn              (no ring)
MPRegen  0.09/turn              (no ring)

@: brilliant
A: no striking features
a: no special abilities


You were on level 2 of the Dungeon.
You visited 1 branch of the dungeon, and saw 3 of its levels.

You collected 35 gold pieces.

Inventory:

Hand Weapons
 a - a +0 short sword (weapon)
 g - a +0 hunting sling
Missiles
 c - 2 stones (quivered)
 h - 9 bolts
Armour
 b - a +0 robe (worn)
Wands
 i - a wand of charming (8)
Scrolls
 d - a scroll of identify {unknown}


   Skills:
 - Level 2.4 Fighting
 - Level 3.0 Short Blades
 - Level 3.6 Dodging
 - Level 2.4 Stealth
 + Level 2.0 Spellcasting


You had 4 spell levels left.
You didn't know any spells.
Your spell library was empty.

Dungeon Overview and Level Annotations

Branches:
Dungeon (3/15)

Altars:

Shops:
D:3 [


Message History

You hit the jackal.
The jackal is moderately wounded.
The jackal bites you.
You hit the jackal but do no damage.
The jackal is moderately wounded.
The jackal barely misses you.
You closely miss the jackal.
The jackal is moderately wounded.
The jackal closely misses you. The jackal bites you.
You closely miss the jackal.
The jackal is moderately wounded.
The jackal bites you but does no damage.
It was a potion of degeneration.
There was something very wrong with that liquid.
You feel weakened.
You feel dopey.
You feel clumsy. The jackal closely misses you.
It was a potion of brilliance.
You feel clever all of a sudden. The jackal barely misses you. x2
Unknown command.
You hit the jackal but do no damage.
The jackal is moderately wounded.
The jackal bites you.
You completely miss the jackal.
The jackal is moderately wounded.
The jackal barely misses you.
You hit the jackal.
The jackal is heavily wounded.
The jackal barely misses you. The jackal bites you.
You barely miss the jackal.
The jackal is heavily wounded.
The jackal bites you.
* * * LOW HITPOINT WARNING * * *
You hit the jackal but do no damage.
The jackal is heavily wounded.
The jackal bites you but does no damage.
You hit the jackal.
The jackal is severely wounded.
The jackal misses you. The jackal bites you.
You die...

........##.# .........#.#
.........#.# .........#.#
.........# #......#
########### #......#
#..[......####.....>#
###.........#hh@....###
h.....?......h###+#.#
##..............#.#.#
.............##.#.#.†.....S
###..........##.#.#####.#..
....#######....#.# ..###
#....#.# . #....#.#
#....#.#


You could see 3 jackals.

Vanquished Creatures
  A bat (D:1)
  A giant cockroach (D:3)
  A quokka (D:3)
  A frilled lizard (D:3)
  A kobold (D:1)
  A rat (D:2)
6 creatures vanquished.

Notes
Turn   | Place    | Note
-------+----------+-------------------------------------------
     0 | D:1      | Spectrina the Deep Elf Monk began the quest for the Orb.
     0 | D:1      | Reached XP level 1. HP: 13/13 MP: 3/3
    29 | D:1      | Reached skill level 1 in Spellcasting
    98 | D:3      | Noticed a water moccasin
   111 | D:3      | Found Joisedghi's Armour Shop.
   219 | D:2      | Slain by a jackal

Illustrated notes

Levels and vault maps discovered:
D:1:      mrwooster_arrival_statue, layout_loops_ring
D:2:      minmay_diamond_boxcup, layout_basic, basic_altar,
          hangedman_decor_clover_reticule, minmay_fountain_box
D:3:      layout_basic, lemuel_crystal_altar, serial_shops,
          nicolae_shop_behind_doors, minmay_close_crescents

Skill      XL: |  1 |
---------------+----+-----
Spellcasting   | 2 |  2.0
Fighting       | |  2.4
Short Blades   | |  3.0
Dodging        | |  3.6
Stealth        | |  2.4

Action                   || total
-------------------------++-------
Melee: Short sword       ||    39
  Use: Potion            ||     2
 Stab: Sleeping          ||     2
Armor: Robe              ||    14
Dodge: Dodged            ||    29
